 Dungeon Crawl Stone Soup version 0.27-a0-249-g74f53ef629 (webtiles) character file.

Game seed: 11213764880127249928

23 trckry the Bolt Thrower (level 3, -2/21 HPs)
             Began as a Tengu Hunter on Feb 3, 2021.
             Slain by a goblin
             ... wielding a +3 dagger
              (5 damage)
             ... on level 2 of the Dungeon.
             The game lasted 00:01:32 (1109 turns).

trckry the Bolt Thrower (Tengu Hunter)              Turns: 1109, Time: 00:01:33

Health: -2/21      AC:  3    Str: 13    XL:     3   Next: 0%
Magic:  4/4        EV: 12    Int: 11    God:
Gold:   63         SH:  0    Dex: 14    Spells: 2/2 levels left

rFire    . . .     SeeInvis .   b - +0 short sword
rCold    . . .     Faith    .   (no shield)
rNeg     . . .     Spirit   .   c - +0 leather armour
rPois    .         Reflect  .   (helmet restricted)
rElec    .         Harm     .   (no cloak)
rCorr    .         Rampage  .   (no gloves)
Will     .....                  (boots unavailable)
Stlth    +.........             (no amulet)
HPRegen  0.07/turn              (no ring)
MPRegen  0.09/turn              (no ring)

@: no status effects
A: beak, talons 3
a: no special abilities


You were on level 2 of the Dungeon.
You visited 1 branch of the dungeon, and saw 3 of its levels.

You collected 63 gold pieces.

Inventory:

Hand Weapons
 a - a +1 hand crossbow
 b - a +0 short sword (weapon)
Missiles
 d - 39 bolts
Armour
 c - a +0 leather armour (worn)
Jewellery
 g - an uncursed ring of positive energy {unknown}
Scrolls
 e - 2 scrolls of identify {unknown}
 f - 2 scrolls of fog {unknown}
 i - a scroll of magic mapping {unknown}
Potions
 h - a potion of haste {unknown}
 j - a potion of degeneration {unknown}


   Skills:
 - Level 2.0 Fighting
 * Level 5.3 Crossbows
 - Level 2.1 Dodging
 - Level 1.0 Stealth


You had 2 spell levels left.
You didn't know any spells.
Your spell library was empty.

Dungeon Overview and Level Annotations

Branches:
Dungeon (3/15)

Altars:


Innate Abilities, Weirdness & Mutations

You have a beak for a mouth.
You have claws for feet.


Message History

The orc is moderately wounded.
The orc barely misses you. The adder skeleton closely misses you.
The goblin barely misses you. The orc hits you but does no damage.
The adder skeleton bites you.
* * * LOW HITPOINT WARNING * * *
You take 2 damage, and have 3/21 hp.
You barely miss the goblin. Your kick misses the goblin.
Your peck misses the goblin.
The goblin is heavily wounded.
A kobold comes into view. It is wielding a +0 short sword.
The goblin closely misses you. The orc barely misses you.
The orc wizard points at itself and mumbles some strange words.
The orc wizard flickers and vanishes!
Deactivating autopickup; reactivate with Ctrl-A.
The kobold moves out of view.
You closely miss the goblin.
The goblin is heavily wounded.
The goblin barely misses you. The orc misses you. x2
The orc hits you but does no damage. The goblin hits you with a +3 dagger.
You die...

#
#####.##.#
#o@gl...#
#o.o...#.#
#ZZ...##
#.....#
#.....#
#...#...
....###..
###.# ..
.#


You could see 3 orcs, a goblin, a frilled lizard, an adder skeleton and a quokka
skeleton.

Vanquished Creatures
  2 dart slugs (D:1)
  A leopard gecko (D:1)
  3 goblins (D:2)
  3 hobgoblins (D:1)
  5 kobolds
  2 bats
  A frilled lizard (D:1)
  A rat (D:1)
18 creatures vanquished.

Notes
Turn   | Place    | Note
-------+----------+-------------------------------------------
     0 | D:1      | trckry the Tengu Hunter began the quest for the Orb.
     0 | D:1      | Reached XP level 1. HP: 12/12 MP: 2/2
   282 | D:1      | Reached XP level 2. HP: 7/17 MP: 3/3
   550 | D:1      | Reached skill level 5 in Crossbows
  1057 | D:2      | Reached XP level 3. HP: 19/21 MP: 4/4
  1090 | D:2      | You fall into a shaft and drop 1 floor!
  1107 | D:2      | HP: 3/21 [adder skeleton (2)]
  1109 | D:2      | Slain by a goblin

Illustrated notes

Levels and vault maps discovered:
D:1:      tarquinn_simple_flora_water_f, layout_rooms
D:2:      layout_loops_cross, serial_undead, serial_undead_a, serial_undead_e,
          serial_undead_a, serial_undead_f, minmay_misc_feat_chi,
          nicolae_qazlal_eye_of_the_storm
D:3:      kb_forest_paths, layout_basic, vehumet_crystals

Skill      XL: |  1  2 |
---------------+-------+-----
Crossbows      | 5 |  5.3
Fighting       | |  2.0
Dodging        | |  2.1
Stealth        | |  1.0

Action                   || total
-------------------------++-------
Melee: Short sword       ||    47
       Kick              ||    10
       Peck              ||     5
Armor: Leather armour    ||    12
Dodge: Dodged            ||    33

Table legend: (Time is in decaauts)
 A = Elapsed time spent in this place.
 B = Non-inter-level travel time spent in this place.
 C = Inter-level travel time spent in this place.
 D = Time resting spent in this place.
 E = Time spent auto-exploring this place.
 F = Levels seen in this place.
 G = Mean time per level.
                   A        B        C        D        E       F      G
               +--------+--------+--------+--------+--------+-----+--------+
         Total |   1114 |   1084 |     30 |    226 |    682 |   3 |  371.3 |
       Dungeon |   1114 |   1084 |     30 |    226 |    682 |   3 |  371.3 |
               +--------+--------+--------+--------+--------+-----+--------+

Top non-repeatable levels by time:
     D:1: 1038 daAuts
     D:2: 62 daAuts
     D:3: 12 daAuts
